 Dungeon Crawl Stone Soup version 0.21.1-1-g345015f (webtiles) character file.

114 inc the Chiller (level 4, 18/18 HPs)
             Began as a Felid Ice Elementalist on Mar 4, 2018.
             Quit the game on level 4 of the Dungeon.
             The game lasted 00:08:31 (4193 turns).

inc the Chiller (Felid Ice Elementalist)            Turns: 4193, Time: 00:08:31

Health: 18/18      AC:  1    Str:  4    XL:     4   Next: 66%
Magic:  8/8        EV: 18    Int: 17    God:
Gold:   222        SH:  0    Dex: 17    Spells: 0/7 levels left
                                        Lives:  0   Deaths: 1

rFire    . . .     SeeInvis +   (weapon unavailable)
rCold    . . .     Gourm    .   (shield unavailable)
rNeg     . . .     Faith    .   (armour unavailable)
rPois    .         Spirit   .   (helmet unavailable)
rElec    .         Reflect  .   (cloak unavailable)
rCorr    +         Harm     .   (gloves unavailable)
MR       .....                  (boots unavailable)
Stlth    +++.......             (no amulet)
HPRegen  0.06/turn              e - ring of resist corrosion (curse)
MPRegen  0.11/turn              (no ring)

@: quick
A: very small, no armour, no weapons or thrown items, stealth, claws 1, fangs 3,
see invisible, carnivore, speed 1, shaggy fur 1, slow metabolism 1, sharp paws
a: no special abilities


You were on level 4 of the Dungeon.
You were not hungry.

You visited 1 branch of the dungeon, and saw 4 of its levels.

You collected 222 gold pieces.

Inventory:

Jewellery
 e - a cursed ring of resist corrosion (left paw)
Wands
 o - a wand of flame (21)
Scrolls
 c - a scroll of random uselessness {unknown}
 h - 2 scrolls of immolation {unknown}
 l - 3 scrolls of identify {unknown}
 m - a scroll of enchant weapon {unknown}
Potions
 d - a potion of invisibility {unknown}
 f - a potion of might {unknown}
 g - a potion of haste {unknown}
 i - 2 potions of lignification
 j - a potion of curing {unknown}
 k - a potion of cancellation
 n - a potion of resistance {unknown}
 q - a potion of agility {unknown}
Books
 a - a book of Frost

   Spells                             Type                      Level
   a - Freeze                         Ice                          1
   b - Throw Frost                    Conjuration/Ice              2
   c - Ozocubu's Armour               Charms/Ice                   3
   d - Throw Icicle                   Conjuration/Ice              4
   e - Summon Ice Beast               Ice/Summoning                4
 p - a book of Callings

   Spells                             Type                      Level
   a - Summon Small Mammal            Summoning                    1
   b - Call Imp                       Summoning                    2
   c - Call Canine Familiar           Summoning                    3
   d - Summon Guardian Golem          Hexes/Summoning              3
   e - Summon Lightning Spire         Summoning/Air                4
   f - Summon Ice Beast               Ice/Summoning                4
Comestibles
 b - 6 rations


   Skills:
 - Level 2.6 Dodging
 - Level 2.6 Stealth
 - Level 2.0 Spellcasting
   Level 0.8 Conjurations
 - Level 3.3 Charms
 + Level 1.2 Summonings
 - Level 5.0 Ice Magic


You couldn't memorise any spells.
You knew the following spells:

 Your Spells              Type           Power        Failure   Level  Hunger
a - Freeze                Ice            ###.         2%          1    #......
b - Ozocubu's Armour      Chrm/Ice       ###.....     11%         3    ###....
c - Summon Ice Beast      Ice/Summ       ##......     47%         4    #####..


Dungeon Overview and Level Annotations

Branches:
Dungeon (4/15)
 Temple: D:4-7

Altars:
Ru
The Shining One

Annotations:
D:3 Robin, Terence


Innate Abilities, Weirdness & Mutations

You cannot wear armour.
You are incapable of wielding weapons or throwing items.
Your paws allow you to move quietly. (Stealth)
You have sharp claws.
You have razor-sharp teeth.
You have supernaturally acute eyesight. (SInv)
You are carnivorous and can eat meat at any time.
You cover ground quickly.
You are covered in fur. (AC +1)
You have a slow metabolism.
Your sharp claws are effective at attacking unaware monsters.


Message History

It was a potion of lignification.
You turn into a tree.
Your roots penetrate the ground.
* * * LOW HITPOINT WARNING * * *
You feel sick.
The orc wizard hits you but does no damage.
It was a potion of cancellation.
Your magical effects are unravelling.
You feel magically purged.
Your icy armour evaporates.
You feel less wooden.
You die...
You feel sick.
The orc wizard hits you but does no damage.
The orc wizard hits you with a dagger of venom.
You are more poisoned.
You are now level 4!
You rejoin the land of the living...
You open the door.
Something unseen opens the door.
There is an open door here.
Are you sure you want to abandon this character and quit the game? (Confirm with "yes".)

###########
#.........#### #
#.........o..# ..
#.........##.# ...
###'##.....#†#
....
#@....#.##o##.....
####..#../oo......
#..##W.........
#..##....!.....
####...........)..
#....##...........
#....##>........?.
#.(..##...........
#....##...........


You could see an orc wizard.

Vanquished Creatures
  An iguana (D:4)
  A worker ant (D:4)
  5 adders
  An ooze (D:4)
  An adder skeleton (D:4)
  3 worms
  5 dart slugs
  A fire bat (D:4)
  13 orcs
  3 bat skeletons (D:4)
  3 giant cockroaches
  14 goblins
  5 hobgoblins
  2 jackals (D:4)
  7 kobolds
  A quokka (D:2)
  A ball python skeleton (D:4)
  13 bats
  2 frilled lizards (D:1)
  2 rats
  A fungus (D:2)
85 creatures vanquished.

Notes
Turn   | Place    | Note
-------+----------+-------------------------------------------
     0 | D:1      | inc the Felid Ice Elementalist began the quest for the Orb.
     0 | D:1      | Reached XP level 1. HP: 7/7 MP: 4/4
   122 | D:1      | Reached skill level 3 in Ice Magic
   463 | D:1      | Reached XP level 2. HP: 11/11 MP: 0/6
  1222 | D:2      | Reached XP level 3. HP: 13/14 MP: 2/7
  1232 | D:2      | Reached skill level 4 in Ice Magic
  1939 | D:3      | Noticed Robin
  2126 | D:3      | Noticed Terence
  2203 | D:3      | Found a sacrificial altar of Ru.
  2206 | D:3      | Reached XP level 4. HP: 15/18 MP: 6/8
  2977 | D:4      | Reached skill level 5 in Ice Magic
  2985 | D:4      | Learned a level 3 spell: Ozocubu's Armour
  3008 | D:4      | Reached skill level 1 in Charms
  3008 | D:4      | Reached XP level 5. HP: 21/21 MP: 5/9
  3104 | D:4      | Noticed an ogre
  3606 | D:4      | Learned a level 4 spell: Summon Ice Beast
  3752 | D:4      | Reached skill level 1 in Summonings
  4095 | D:4      | Found a glowing golden altar of the Shining One.
  4177 | D:4      | Noticed a phantom
  4188 | D:4      | Succumbed to an orc wizard's poison
  4189 | D:4      | Reached XP level 4. HP: 0/18 MP: 1/8
  4193 | D:4      | Quit the game

Skill      XL: |  1  2  3  4  5 |
---------------+----------------+-----
Ice Magic      | 3 4 5 |  5.0
Charms         | 1 3 |  3.3
Summonings     | 1 |  1.2
Dodging        | |  2.6
Stealth        | |  2.6
Spellcasting   | |  2.0
Conjurations   | |  0.8

Action                   |  1- 3 |  4- 6 || total
-------------------------+-------+-------++-------
Melee: Unarmed           |    66 |    50 ||   116
       Bite              |     7 |     9 ||    16
 Cast: Freeze            |    58 |    89 ||   147
       Ozocubu's Armour  |       |     7 ||     7
  Use: Potion            |       |     2 ||     2
 Stab: Sleeping          |     7 |     5 ||    12
  Eat: Chunk             |     2 |    12 ||    14
Armor: Skin              |     6 |    36 ||    42
Dodge: Dodged            |    77 |   199 ||   276
